 Dungeon Crawl Stone Soup version 0.27-a0-1278-g6cbc8dfb29 (webtiles) character file.

Game seed: 11068757213626712718

8824 flotson the Skirmisher (level 11, -5/84 HPs)
             Began as a Demonspawn Fighter on June 12, 2021.
             Was an Initiate of Gozag.
             Slain by a meliai zombie (8 damage)
             ... on level 10 of the Dungeon.
             The game lasted 00:20:35 (13714 turns).

flotson the Skirmisher (Demonspawn Fighter)        Turns: 13714, Time: 00:20:36

Health: -5/84      AC:  9    Str: 19    XL:     11   Next: 15%
Magic:  11/11      EV: 10    Int:  9    God:    Gozag
Gold:   392        SH: 16    Dex: 20    Spells: 10/10 levels left

rFire    . . .     SeeInvis .   a - +3 war axe
rCold    . . .     Faith    .   z - +0 tower shield
rNeg     . . .     Spirit   .   p - +0 scale mail
rPois    +         Reflect  .   (helmet restricted)
rElec    .         Harm     .   (no cloak)
rCorr    .         Rampage  .   (no gloves)
Will     .....                  I - +0 pair of boots
Stlth    ..........             (no amulet)
HPRegen  0.24/turn              e - +6 ring of dexterity
MPRegen  0.12/turn              J - ring of poison resistance

@: no status effects
A: claws 2, hooves 1, horns 1, foul stench 3
a: Renounce Religion, Potion Petition, Call Merchant, Bribe Branch


You were on level 10 of the Dungeon.
You worshipped Gozag.
Gozag was aware of your devotion.
You visited 2 branches of the dungeon, and saw 11 of its levels.

You collected 621 gold pieces.
You spent 54 gold pieces at shops.
You paid 175 gold pieces to Gozag.

Inventory:

Hand Weapons
 a - a +3 war axe (weapon)
 b - a +1 short sword of electrocution
Missiles
 q - 15 boomerangs
 u - 5 javelins
 y - 35 poisoned darts
 D - 5 curare-tipped darts (quivered)
Armour
 p - a +0 scale mail (worn)
 z - a +0 tower shield (worn)
 I - a +0 pair of boots (worn)
Jewellery
 e - a +6 ring of dexterity (left claw)
 J - a ring of poison resistance (right claw)
Wands
 k - a wand of digging (3)
 r - a wand of paralysis (5)
 v - a wand of iceblast (6)
 L - a wand of polymorph (13)
Scrolls
 g - a scroll of magic mapping {unknown}
 h - 5 scrolls of amnesia
 j - 3 scrolls of enchant armour {unknown}
 n - 2 scrolls of fog {unknown}
 o - a scroll of holy word {unknown}
 t - 3 scrolls of enchant weapon {unknown}
 A - 2 scrolls of brand weapon {unknown}
 E - 2 scrolls of summoning {unknown}
 F - 7 scrolls of teleportation
 H - a scroll of blinking {unknown}
 K - a scroll of fear {unknown}
Potions
 c - 2 potions of mutation
 d - a potion of might
 f - 7 potions of curing
 i - 5 potions of brilliance
 l - a potion of invisibility
 m - 2 potions of haste
 s - 4 potions of attraction
 w - 2 potions of flight
 x - 2 potions of resistance
 B - 2 potions of lignification
 C - a potion of ambrosia
 N - a potion of berserk rage
Miscellaneous
 M - a phantom mirror


   Skills:
 + Level 7.4 Fighting
 + Level 6.4 Axes
 + Level 5.4 Throwing
 + Level 6.8 Armour
 + Level 6.0 Dodging
 + Level 6.8 Shields
 - Level 6.0 Evocations


You had 10 spell levels left.
You didn't know any spells.
Your spell library contained the following spells:

 Spells                   Type           Power      Damage    Failure   Level
 Beastly Appendage        Tmut           0%         N/A       100%        1
 Corona                   Hex            0%         N/A       100%        1
 Magic Dart               Conj           0%         1d3       100%        1
 Ensorcelled Hibernation  Hex/Ice        0%         N/A       100%        2
 Searing Ray              Conj           0%         3d3       100%        2
 Slow                     Hex            0%         N/A       100%        2
 Wereblood                Tmut           0%         N/A       100%        2
 Confusing Touch          Hex            0%         N/A       100%        3
 Dazzling Flash           Conj/Hex       0%         N/A       100%        3
 Inner Flame              Hex/Fire       0%         N/A       100%        3
 Portal Projectile        Hex/Tloc       0%         N/A       100%        3
 Spider Form              Tmut/Pois      0%         N/A       100%        3
 Tukima's Dance           Hex            0%         N/A       100%        3
 Cause Fear               Hex            0%         N/A       100%        4
 Fulminant Prism          Conj/Hex       0%         3d6       100%        4
 Ice Form                 Ice/Tmut       0%         N/A       100%        4
 Iskenderun's Mystic Bla  Conj/Tloc      0%         2d3       100%        4
 Leda's Liquefaction      Hex/Erth       0%         N/A       100%        4


Dungeon Overview and Level Annotations

Branches:
Dungeon (10/15)            Temple (1/1) D:7
   Lair: D:8-11         Orc: D:9-12

Altars:
Ashenzari
Cheibriados
Dithmenos
Elyvilon
Fedhas
Gozag
Hepliaklqana
Kikubaaqudgha
Makhleb
Nemelex Xobeh
Okawaru
Qazlal
Ru
Sif Muna
Trog
Uskayaw
Vehumet
Wu Jian
Xom
Yredelemnul
Zin
The Shining One

Shops:
D:9 *


Innate Abilities, Weirdness & Mutations

You have very sharp fingernails.
You have large cloven feet.
You have a pair of small horns on your head.
You frequently emit foul miasma when damaged in melee.


Message History

You block the meliai zombie's attack. The meliai zombie closely misses you.
The meliai zombie barely misses you.
You slash the meliai zombie! You headbutt the meliai zombie.
The meliai zombie is severely damaged.
You block the meliai zombie's attack. x2; The meliai zombie hits you!
* * * LOW HITPOINT WARNING * * *
You emit a cloud of foul miasma!
The meliai zombie barely misses you. The meliai zombie hits you!
* * * LOW HITPOINT WARNING * * *
The meliai zombie hits you.
* * * LOW HITPOINT WARNING * * *
Okay, then.
You block the meliai zombie's attack. x2
Things that are here:
7 gold pieces; a +0 war axe; a +0 ring mail The meliai zombie hits you.
* * * LOW HITPOINT WARNING * * *
You block the meliai zombie's attack.
There is an open door here.
You feel much better. The meliai zombie barely misses you.
The meliai zombie completely misses you.
The meliai zombie hits you!
* * * LOW HITPOINT WARNING * * *
You block the meliai zombie's attack. You block the meliai zombie's attack.
The meliai zombie barely misses you. The meliai zombie hits you.
* * * LOW HITPOINT WARNING * * *
You block the meliai zombie's attack.
Aiming: Iceblast
Press: ? - help, Shift-Dir - straight line The mass of ice explodes!
The iceblast engulfs the meliai zombie!
The meliai zombie partially resists.
The meliai zombie is almost destroyed.
The meliai zombie hits you.
* * * LOW HITPOINT WARNING * * *
You emit a cloud of foul miasma!
The meliai zombie hits you!
* * * LOW HITPOINT WARNING * * *
The meliai zombie hits you!
You die...
Your body crumbles into a pile of gold.

#.#........#.##o......... +
#..........##..........
#........####..........
#........# #...(...... #......$.#
#.......... ######..##
####.###### ######+## ######.##
##.o.######
........####......)####.........#
........#..'....@Z.'$$#.........#
........'.##.......##$#(<......(.
........####.......##$$.........#
........# #.......####.........#
..[.....# #.......# #.........#
........# ###+##### #.........#
........# #.........# ........#
####.###### ######### #..


You could see a meliai zombie.

Vanquished Creatures
  A hydra (D:9)
  2 two-headed ogres
  Pikel (D:9)
  Psyche (D:9)
  2 trolls (D:9)
  A hornet (D:9)
  A slime creature (D:9)
  A shadow (D:10)
  5 yaks (D:9)
  3 vampire mosquitoes (D:9)
  Menkaure (D:5)
  An ice beast (D:6)
  2 sky beasts
  A black bear (D:4)
  2 orc warriors
  A necrophage (D:8)
  4 centaurs
  A phantom (D:4)
  3 lemures (D:9)
  2 ogres (D:6)
  3 kobold brigands
  3 bullfrogs
  2 wyvern zombies (D:8)
  A scorpion (D:4)
  A wyvern skeleton (D:5)
  16 killer bees
  A water moccasin skeleton (D:4)
  13 wights
  2 howler monkeys (D:7)
  2 bullfrog zombies (D:5)
  3 centaur zombies
  4 hounds
  A jelly (D:5)
  Ijyb (D:3)
  2 iguanas (D:5)
  6 orc wizards
  A scorpion zombie (D:5)
  2 killer bee zombies
  A hound zombie (D:5)
  A mummy (D:8)
  2 howler monkey zombies (D:8)
  3 gnolls
  5 adders
  A shadow imp (D:7)
  A white imp (D:7)
  An adder zombie (D:5)
  4 worms
  6 dart slugs
  15 orcs
  7 bats
  12 endoplasms
  6 giant cockroaches
  A goblin (D:2)
  6 hobgoblins
  12 jackals
  2 quokkas
  10 ball pythons
  2 frilled lizards
  13 kobolds
  7 rats
218 creatures vanquished.

Vanquished Creatures (others)
  2 fungi (D:2)
  A plant (D:2)
3 creatures vanquished.

Grand Total: 221 creatures vanquished

Notes
Turn   | Place    | Note
-------+----------+-------------------------------------------
     0 | D:1      | flotson the Demonspawn Fighter began the quest for the Orb.
     0 | D:1      | Reached XP level 1. HP: 18/18 MP: 1/1
    79 | D:1      | Gained mutation: You have sharp fingernails. [demonic
                  | ancestry]
    79 | D:1      | Reached XP level 2. HP: 12/24 MP: 2/2
   809 | D:1      | Gained mutation: You may rarely emit foul miasma when
                  | damaged in melee. [demonic ancestry]
   809 | D:1      | Reached XP level 3. HP: 29/29 MP: 3/3
  1407 | D:2      | Reached skill level 1 in Dodging
  1411 | D:2      | Found a faded altar of an unknown god.
  1702 | D:2      | Reached XP level 4. HP: 18/35 MP: 4/4
  2101 | D:3      | Noticed Ijyb
  2101 | D:3      | Paralysed by Ijyb for 4 turns
  2106 | D:3      | Paralysed by Ijyb for 7 turns
  2115 | D:3      | Killed Ijyb
  2520 | D:3      | Gained mutation: You have a pair of small horns on your
                  | head. [demonic ancestry]
  2520 | D:3      | Reached XP level 5. HP: 34/42 MP: 5/5
  2572 | D:3      | Found an ancient bone altar of Kikubaaqudgha.
  3522 | D:3      | Found a bloodstained altar of Trog.
  3716 | D:4      | Reached skill level 1 in Evocations
  3719 | D:4      | Gained mutation: You have large cloven feet. [demonic
                  | ancestry]
  3719 | D:4      | Reached XP level 6. HP: 25/48 MP: 6/6
  4045 | D:4      | Reached skill level 4 in Fighting
  4296 | D:4      | Reached skill level 1 in Throwing
  4296 | D:4      | Gained mutation: You sometimes emit foul miasma when
                  | damaged in melee. [demonic ancestry]
  4296 | D:4      | Reached XP level 7. HP: 42/54 MP: 7/7
  4773 | D:5      | Entered Level 5 of the Dungeon
  5027 | D:5      | Noticed Menkaure
  5034 | D:5      | Killed Menkaure
  5960 | D:5      | Gained mutation: You frequently emit foul miasma when
                  | damaged in melee. [demonic ancestry]
  5960 | D:5      | Reached XP level 8. HP: 30/61 MP: 8/8
  6512 | D:6      | Reached skill level 5 in Fighting
  6974 | D:6      | Noticed a two-headed ogre
  6994 | D:6      | Killed a two-headed ogre
  6995 | D:6      | Reached skill level 5 in Shields
  6995 | D:6      | Reached XP level 9. HP: 21/68 MP: 9/9
  7448 | D:7      | Reached skill level 5 in Armour
  8127 | D:7      | Found a staircase to the Ecumenical Temple.
  8136 | Temple   | Entered the Ecumenical Temple
  9326 | D:8      | Reached skill level 5 in Axes
  9333 | D:8      | Reached skill level 6 in Fighting
 10222 | D:8      | Reached skill level 5 in Evocations
 10821 | D:9      | Noticed a troll
 10826 | D:9      | Killed a troll
 10827 | D:9      | Gained mutation: You have very sharp fingernails. [demonic
                  | ancestry]
 10827 | D:9      | Reached XP level 10. HP: 64/77 MP: 10/10
 10896 | D:9      | Found a basalt altar of Yredelemnul.
 10896 | D:9      | Noticed an eight-headed hydra
 10928 | D:9      | Found a shadowy altar of Dithmenos.
 10952 | D:9      | Reached skill level 5 in Dodging
 11077 | D:9      | Noticed Psyche
 11215 | D:9      | Killed Psyche
 11326 | D:9      | Found an ancient bone altar of Kikubaaqudgha.
 11623 | D:9      | Killed an eight-headed hydra
 12273 | D:9      | Reached skill level 7 in Fighting
 12418 | D:9      | Reached skill level 5 in Throwing
 12699 | D:9      | Noticed Pikel
 12710 | D:9      | Killed Pikel
 12906 | D:9      | Found an opulent altar of Gozag.
 12907 | D:9      | Found a shimmering altar of Xom.
 12911 | D:9      | Found a radiant altar of Vehumet.
 12911 | D:9      | Found a snail-covered altar of Cheibriados.
 12914 | D:9      | Found a shimmering blue altar of Sif Muna.
 12916 | D:9      | Became a worshipper of Gozag Ym Sagoz the Greedy
 12975 | D:9      | Found Macvaesk's Assorted Antiques.
 12978 | D:9      | Bought a scroll of identify for 54 gold pieces
 13030 | D:9      | Reached XP level 11. HP: 64/84 MP: 11/11
 13163 | D:10     | Entered Level 10 of the Dungeon
 13266 | D:10     | Noticed a two-headed ogre
 13347 | D:10     | Killed a two-headed ogre
 13709 | D:10     | HP: 3/84 [meliai zombie (3)]
 13714 | D:10     | HP: 3/84 [meliai zombie (7)]
 13714 | D:10     | Slain by a meliai zombie

Illustrated notes

Levels and vault maps discovered:
D:1:      dpeg_arrival_rhombus, layout_rooms, roderic_serpentine_path,
          roderic_lattice_a, minmay_hexomino_p4
D:2:      layout_rooms, shapermc_ecumenical_altar_mp_urbaneastern
D:3:      layout_basic, lemuel_tele_altar, lemuel_round_altar, st_stairs_11,
          uniq_ijyb
D:4:      layout_basic
D:5:      layout_cave_pods, uniq_menkaure
D:6:      layout_cave_pools, serial_park_tiny_1, minmay_microvault
D:7:      layout_gridville, minmay_temple_entry_large_hall
D:8:      layout_cave_pools, serial_undead, serial_undead_e, serial_undead_a,
          serial_undead_a, serial_undead_d, grunt_ministairs_4
D:9:      layout_long_grid, nicolae_dithmenos_shadow_blocks,
          nicolae_overflow_hidden_temple, serial_shops, kennysheep_mini,
          hangedman_feature_mirror, small_statue_intersection, uniq_pikel,
          uniq_psyche
D:10:     layout_roguey
Temple:   eino_narrow_crystal_temple

Skill      XL: |  1  2  3  4  5  6  7  8  9 10 11 |
---------------+----------------------------------+-----
Axes           | 2 3 4 5 6 |  6.4
Shields        | 3 4 5 6 |  6.8
Armour         | 3 4 5 6 |  6.8
Dodging        | 1 2 3 4 5 6 |  6.0
Evocations     | 1 2 4 5 6 |  6.0
Fighting       | 4 5 6 7 |  7.4
Throwing       | 1 3 4 5 |  5.4

Action                   |  1- 3 |  4- 6 |  7- 9 | 10-12 || total
-------------------------+-------+-------+-------+-------++-------
Melee: War axe           |   106 |       |   141 |   136 ||   383
       Short sword       |     8 |   130 |   152 |     2 ||   292
       Headbutt          |       |    23 |    81 |    41 ||   145
       Kick              |       |    14 |    40 |       ||    54
Throw: Dart              |       |       |    10 |     6 ||    16
       Javelin           |       |       |    11 |    27 ||    38
Evoke: Wand              |       |       |       |     9 ||     9
  Use: Scroll            |       |       |    10 |     5 ||    15
       Potion            |       |       |       |     1 ||     1
 Stab: Distracted        |       |     1 |       |     1 ||     2
Armor: Scale mail        |    46 |    62 |   134 |    67 ||   309
Dodge: Dodged            |    39 |    47 |   102 |    76 ||   264
Block: Kite shield       |    75 |    78 |     2 |       ||   155
       Tower shield      |       |       |   299 |   179 ||   478

Table legend: (Time is in decaauts)
 A = Elapsed time spent in this place.
 B = Non-inter-level travel time spent in this place.
 C = Inter-level travel time spent in this place.
 D = Time resting spent in this place.
 E = Time spent auto-exploring this place.
 F = Levels seen in this place.
 G = Mean time per level.
                   A        B        C        D        E       F      G
               +--------+--------+--------+--------+--------+-----+--------+
         Total |  14103 |  13808 |    295 |    740 |  11068 |  11 | 1282.1 |
       Dungeon |  13915 |  13634 |    281 |    740 |  10895 |  10 | 1391.5 |
        Temple |    187 |    173 |     14 |      0 |    173 |   1 |  187.0 |
               +--------+--------+--------+--------+--------+-----+--------+

Top non-repeatable levels by time:
     D:9: 2292 daAuts
     D:7: 1875 daAuts
     D:8: 1537 daAuts
     D:3: 1390 daAuts
     D:4: 1382 daAuts
     D:6: 1295 daAuts
     D:5: 1252 daAuts
     D:1: 1235 daAuts
     D:2: 1080 daAuts
    D:10: 574 daAuts
  Temple: 187 daAuts
